 Dungeon Crawl Stone Soup version 0.17-a0-131-ga9cda9c (webtiles) character file.

10696 xeno23 the Frost Mage (level 11, -1/86 HPs)
             Began as a Merfolk Ice Elementalist on Mar 24, 2015.
             Was a High Priest of Cheibriados.
             Slain by a deep elf knight
             ... wielding a +0 long sword
              (7 damage)
             ... on level 10 of the Dungeon.
             The game lasted 02:02:04 (17127 turns).

xeno23 the Frost Mage (Merfolk Ice Elementalist)   Turns: 17127, Time: 02:02:04

Health: -1/86      AC: 16    Str: 35      XL:     11   Next: 66%
Magic:  7/27       EV: 20    Int: 28      God:    Cheibriados [*****.]
Gold:   245        SH:  0    Dex: 27 (28) Spells: 8 memorised, 2 levels left

rFire  . . .     SeeInvis .     M - +6 whip of Alodat {slash, Noisy rElec MR+ Stlth+}
rCold  . . .     Clarity  .     l - +0 leather armour "Heyfeel" {Str+8 Int-2 Stlth+}
rNeg   . . .     SustAb   .     (no shield)
rPois  .         Gourm    .     f - +1 hat
rElec  +         Spirit   .     N - +0 cloak
rCorr  .         Warding  .     L - +1 pair of gloves
rMut   .         Stasis   .     O - +0 pair of boots
MR     ++...                    (no amulet)
Stlth  ++++++....               R - ring of protection from magic
                                G - +5 ring of strength

@: icy armour, repel missiles, very slow, very resistant to hostile
enchantments, very stealthy
A: change form in water, swift swim, high mp 1
a: Bend Time, Temporal Distortion, Slouch, Step From Time, Renounce Religion


You were on level 10 of the Dungeon.
You worshipped Cheibriados.
Cheibriados was extremely pleased with you.
You were hungry.

You visited 2 branches of the dungeon, and saw 12 of its levels.
You also visited: Sewer.

You collected 616 gold pieces.
You spent 371 gold pieces at shops.

Inventory:

Hand weapons
 M - the +6 whip of Alodat (weapon) {slash, Noisy rElec MR+ Stlth+}
   (You took it off a kobold on level 4 of the Dungeon)

   It inflicts extra damage upon your enemies.
   It insulates you from electricity.
   It affects your resistance to hostile enchantments.
   It may make noises in combat.
   It makes you more stealthy.
 P - a +1 great mace of draining
 S - a +3 spear of freezing
Missiles
 i - 32 stones (quivered)
Armour
 a - a +0 robe
 f - a +1 hat (worn)
 l - the +0 leather armour "Heyfeel" (worn) {Str+8 Int-2 Stlth+}
   (You acquired it on level 10 of the Dungeon)

   It affects your strength (+8).
   It affects your intelligence (-2).
   It makes you more stealthy.
 n - a +0 helmet
 C - a +0 shield
 L - a +1 pair of gloves (worn)
 N - a +0 cloak (worn)
 O - a +0 pair of boots (worn)
Jewellery
 G - a +5 ring of strength (left hand)
 J - an uncursed ring of see invisible
 R - a ring of protection from magic (right hand)
 U - an uncursed ring of sustain abilities
Magical devices
 d - a wand of polymorph (10)
 F - a wand of cold (8)
 K - a wand of fire (15)
 W - a wand of lightning (8)
Scrolls
 e - 3 scrolls of remove curse
 g - a scroll of identify
 j - a scroll of recharging
 k - 2 scrolls of fear
 m - 5 scrolls of magic mapping
 o - a scroll of teleportation
 x - a scroll of amnesia
 y - 2 scrolls of enchant armour
 V - a scroll of immolation
Potions
 h - 2 potions of invisibility
 p - a potion of cancellation
 q - 11 potions of curing
 t - 6 potions of might
 u - 2 potions of agility {unknown}
 z - 2 potions of restore abilities {unknown}
 A - 3 potions of mutation {unknown}
 B - 2 potions of degeneration {unknown}
 D - a potion of flight {unknown}
 E - a potion of magic
 I - a potion of resistance {unknown}
 Q - a potion of brilliance {unknown}
 T - a potion of berserk rage {unknown}
Books
 b - a book of Frost

   Spells                             Type                      Level
   a - Freeze                         Ice                          1
   b - Throw Frost                    Conjuration/Ice              2
   c - Ozocubu's Armour               Charms/Ice                   3
   d - Throw Icicle                   Conjuration/Ice              4
   e - Summon Ice Beast               Ice/Summoning                4
   f - Condensation Shield            Ice                          4
 v - a book of Minor Magic

   Spells                             Type                      Level
   a - Magic Dart                     Conjuration                  1
   b - Blink                          Translocation                2
   c - Call Imp                       Summoning                    2
   d - Repel Missiles                 Charms/Air                   2
   e - Slow                           Hexes                        2
   f - Conjure Flame                  Conjuration/Fire             3
   g - Mephitic Cloud                 Conjuration/Poison/Air       3
Comestibles
 c - 8 bread rations
 r - 4 meat rations
 H - 2 royal jellies


   Skills:
 * Level 7.9 Fighting
 + Level 1.9 Maces & Flails
 + Level 6.9 Dodging
 + Level 5.6 Stealth
 * Level 6.9 Spellcasting
 * Level 5.4 Conjurations
 - Level 4.5 Charms
 * Level 6.0 Summonings
 * Level 1.6 Translocations
 * Level 8.5 Ice Magic
 + Level 0.7 Air Magic
 * Level 2.5 Poison Magic
 + Level 2.1 Invocations
 + Level 2.2 Evocations


You had 2 spell levels left.
You knew the following spells:

 Your Spells              Type           Power        Failure   Level  Hunger
a - Freeze                Ice            ####         1%          1    None
b - Ozocubu's Armour      Chrm/Ice       #####...     1%          3    None
c - Summon Ice Beast      Ice/Summ       ######..     3%          4    ##.....
d - Blink                 Tloc           N/A          6%          2    None
e - Mephitic Cloud        Conj/Pois/Air  ####....     8%          3    None
h - Repel Missiles        Chrm/Air       ###...       3%          2    None
q - Throw Frost           Conj/Ice       #####.       1%          2    None
w - Throw Icicle          Conj/Ice       #####...     3%          4    ##.....


Dungeon Overview and Level Annotations

Branches:
Dungeon (11/15)            Temple (1/1) D:7            Lair (0/8) D:11
    Orc: D:9-12

Altars:
Ashenzari
Cheibriados
Dithmenos
Elyvilon
Fedhas
Gozag
Kikubaaqudgha
Makhleb
Nemelex Xobeh
Okawaru
Qazlal
Ru
Sif Muna
Trog
Vehumet
Xom
Yredelemnul
Zin
The Shining One

Shops:
D:4 !   D:7 *

Annotations:
D:10 Urug
D:11 jazmu's ghost, powerful DsGl; trelanon's ghost, powerful VSTm


Innate Abilities, Weirdness & Mutations

You revert to your normal form in water.
You are very nimble and swift while swimming.
You have an increased reservoir of magic (+10% MP).


Message History

Press: ? - help, Shift-Dir - straight line Something blocks the shard of ice.
The arrow hits you.
You hear a twanging sound.
The arrow hits you but does no damage.
You hear a twanging sound.
The arrow barely misses you. The arrow hits you! The shard of ice hits you!
The arrow barely misses you.
Casting: Throw Icicle
Confirm with . or Enter, or press ? or * to list all spells.
You feel protected from missiles. Something hits you. Something hits you!
You miss something. Something hits you!
* * * LOW HITPOINT WARNING * * *
Something barely misses you.
Casting: Repel Missiles
Confirm with . or Enter, or press ? or * to list all spells.
A film of ice covers your body! Something hits you!!
* * * LOW HITPOINT WARNING * * *
You barely miss something. Something hits you!
You die...

#(##.### #..###......# #....#..
#(##. .......####..###......#
...).............#####.#.......^#
.$..........###....# #..........#
............#^#..#.###...[..[.(.#
............###..#.....#.#((((((.
......o....[....(.(......[...(.##
...............{.................
...:..........##@.(........<....#
............##................#
..........###.........#.....##
#.......##....(....##......
#######..#.........#######.
##...........## ##
##...........## ##...........#
#...........#


There were no monsters in sight!

Vanquished Creatures
  Erica (D:10)
  A wizard (D:10)
  Joseph (D:10)
  A fire drake (D:11)
  The ghost of Zugr the Magician, an average GrWz (Sewer)
  A spriggan (D:7)
  11 yaks
  A mottled dragon (D:11)
  2 hungry ghosts
  4 vampire mosquitoes (D:11)
  3 orc warriors
  2 phantoms (D:6)
  5 black bears
  4 ogres
  An ice beast (D:7)
  5 sky beasts
  A crocodile (D:10)
  3 centaurs
  3 big kobolds (Sewer)
  A giant frog (D:6)
  4 scorpions
  2 killer bees (D:10)
  7 wights (D:8)
  A quasit (D:10)
  4 crimson imps
  3 goliath beetles
  2 giant frog zombies (D:5)
  2 jellies (D:6)
  3 centaur skeletons
  3 orc priests
  4 giant frog skeletons
  8 hounds
  8 worker ants
  Natasha (thrice) (D:6)
  3 iguanas
  6 orc wizards
  Ijyb (D:2)
  A hound zombie (D:5)
  A worker ant zombie (D:8)
  18 adders
  3 river rats (Sewer)
  9 giant mites
  3 shadow imps
  10 gnolls (D:7)
  A white imp (D:6)
  6 worms
  An orc zombie (D:7)
  10 giant geckos
  3 oozes
  41 orcs
  7 ball pythons
  2 bat skeletons
  15 goblins
  20 hobgoblins
  6 jackals
  28 kobolds
  5 quokkas
  20 bats
  8 giant cockroaches
  A giant gecko zombie (D:8)
  7 giant newts
  A giant spore (D:8)
  21 rats
  3 ballistomycetes (D:8)
367 creatures vanquished.

Vanquished Creatures (collateral kills)
  The ghost of Tabbe the Stinger, an average OpVM of Vehumet (D:4)
  A wyvern (D:10)
  8 yaks
  Edmund (D:6)
  A sky beast (D:10)
  An orc warrior (D:6)
  2 ogres
  A black bear (D:9)
  A big kobold (Sewer)
  A phantom (D:4)
  3 centaurs (D:11)
  A jelly (D:11)
  A killer bee (D:10)
  A crimson imp (D:11)
  A goliath beetle (D:6)
  An orc priest (D:6)
  A centaur skeleton (D:4)
  13 orcs
  A hobgoblin (D:10)
  A bat (D:10)
42 creatures vanquished.

Vanquished Creatures (others)
  7 ice beasts
  An iguana (D:6)
  A hound (D:6)
  A bat (D:8)
  A jackal (D:6)
11 creatures vanquished.

Grand Total: 420 creatures vanquished

Notes
Turn   | Place    | Note
--------------------------------------------------------------
     0 | D:1      | xeno23, the Merfolk Ice Elementalist, began the quest for the Orb.
     0 | D:1      | Reached XP level 1. HP: 13/13 MP: 3/3
   186 | D:1      | Reached XP level 2. HP: 17/20 MP: 1/4
   195 | D:1      | Learned a level 2 spell: Throw Frost
  1153 | D:1      | Reached skill level 1 in Fighting
  1153 | D:1      | Reached XP level 3. HP: 24/26 MP: 6/6
  1158 | D:1      | Learned a level 3 spell: Ozocubu's Armour
  1747 | D:2      | Noticed Ijyb
  2143 | D:2      | Reached skill level 4 in Ice Magic
  2145 | D:2      | Reached XP level 4. HP: 23/32 MP: 4/8
  3235 | D:2      | Killed Ijyb
  3645 | D:3      | Found a basalt altar of Yredelemnul.
  3668 | D:3      | Reached XP level 5. HP: 23/38 MP: 2/11
  4379 | D:4      | Found Sebliac's Distillery.
  4382 | D:4      | Bought a potion of heal wounds for 55 gold pieces
  4382 | D:4      | Bought a potion of heal wounds for 55 gold pieces
  4382 | D:4      | Bought a potion of curing for 33 gold pieces
  4468 | D:4      | Noticed Tabbe's ghost (average OpVM)
  4609 | D:4      | Noticed a phantom
  4621 | D:5      | Entered Level 5 of the Dungeon
  4636 | D:5      | Learned a level 4 spell: Summon Ice Beast
  4682 | D:5      | Noticed a sky beast
  4692 | D:5      | Killed a sky beast
  4692 | D:5      | Reached skill level 1 in Conjurations
  4692 | D:5      | Reached XP level 6. HP: 16/46 MP: 0/13
  4779 | D:5      | Noticed an ogre
  4801 | D:5      | Killed an ogre
  4801 | D:5      | Reached skill level 1 in Charms
  4859 | D:5      | HP: 1/47 [giant frog zombie (6)]
  4863 | D:5      | Reached skill level 1 in Summonings
  4863 | D:5      | Reached XP level 7. HP: 23/52 MP: 1/15
  5028 | D:5      | Reached skill level 5 in Ice Magic
  5033 | D:5      | Found a shimmering altar of Xom.
  5161 | D:5      | Found a glowing drain.
  5194 | Sewer    | Entered a sewer
  5198 | Sewer    | Noticed Zugr's ghost (average GrWz)
  6456 | Sewer    | Killed Zugr's ghost
  6456 | Sewer    | Reached XP level 8. HP: 50/60 MP: 6/18
  6658 | D:5      | Noticed an ogre
  6668 | D:5      | Killed an ogre
  7173 | D:5      | Noticed a black bear
  7187 | D:5      | Killed a black bear
  7301 | D:4      | Found a glowing golden altar of the Shining One.
  7301 | D:4      | Found an opulent altar of Gozag.
  7500 | D:4      | Reached skill level 6 in Ice Magic
  7637 | D:4      | Killed Tabbe's ghost
  7807 | D:4      | Got a smoking whip
  7809 | D:4      | Identified the +6 whip of Alodat {slash, Noisy rElec MR+ Stlth+} (You took it off a kobold on level 4 of the Dungeon)
  7822 | D:4      | Reached XP level 9. HP: 30/67 MP: 20/20
  8146 | D:4      | Killed a phantom
  8453 | D:4      | Bought a potion of curing for 33 gold pieces
  8453 | D:4      | Bought a potion of curing for 33 gold pieces
  8549 | D:6      | Reached skill level 5 in Fighting
  8577 | D:6      | Upgraded the game from 0.17-a0-128-g90bd1c5 to 0.17-a0-131-ga9cda9c
  8647 | D:6      | Noticed Edmund
  8665 | D:6      | Killed Edmund
  8759 | D:6      | Reached skill level 5 in Dodging
  9082 | D:6      | Found a shimmering altar of Xom.
  9155 | D:6      | Reached skill level 5 in Spellcasting
  9794 | D:6      | Noticed Natasha
  9804 | D:6      | Killed Natasha
  9832 | D:6      | Noticed Natasha
  9930 | D:6      | Killed Natasha
 10351 | D:6      | Noticed Natasha
 10366 | D:6      | Killed Natasha
 10566 | D:7      | Found a staircase to the Ecumenical Temple.
 10576 | Temple   | Entered the Ecumenical Temple
 10792 | Temple   | Became a worshipper of Cheibriados the Contemplative
 10835 | D:7      | Found a burning altar of Makhleb.
 11098 | D:7      | Reached skill level 7 in Ice Magic
 11498 | D:7      | Acquired Cheibriados' first power
 11600 | D:7      | Reached XP level 10. HP: 60/76 MP: 19/22
 11717 | D:7      | Learned a level 4 spell: Throw Icicle
 11719 | D:7      | Found a white marble altar of Elyvilon.
 12189 | D:7      | Found Ugoc's Assorted Antiques.
 12197 | D:7      | Bought a bubbling red potion for 25 gold pieces
 12197 | D:7      | Bought an amethyst potion for 25 gold pieces
 12197 | D:7      | Bought a shiny silver wand for 112 gold pieces
 12610 | D:8      | Reached skill level 5 in Stealth
 12768 | D:8      | Found a sacrificial altar of Ru.
 13376 | D:8      | Reached skill level 1 in Invocations
 13585 | D:9      | Acquired Cheibriados' second power
 13615 | D:9      | Reached skill level 5 in Summonings
 13618 | D:9      | Reached skill level 1 in Evocations
 14170 | D:9      | Learned a level 3 spell: Mephitic Cloud
 14173 | D:9      | Learned a level 2 spell: Repel Missiles
 14177 | D:9      | Learned a level 2 spell: Blink
 14321 | D:9      | Found a bloodstained altar of Trog.
 14455 | D:9      | Found a deep blue altar of Sif Muna.
 14483 | D:10     | Entered Level 10 of the Dungeon
 14595 | D:10     | Noticed Urug
 14618 | D:10     | Acquired Cheibriados' third power
 14634 | D:10     | Gained mutation: You have an increased reservoir of magic (+10% MP). [potion of beneficial mutation]
 14999 | D:10     | Reached skill level 1 in Poison Magic
 15038 | D:10     | Acquired Cheibriados' fourth power
 15047 | D:10     | Reached skill level 1 in Maces & Flails
 15047 | D:10     | Reached skill level 5 in Conjurations
 15047 | D:10     | Reached XP level 11. HP: 27/84 MP: 1/27
 15132 | D:10     | Noticed Joseph
 15289 | D:10     | Killed Joseph
 15289 | D:10     | Reached skill level 8 in Ice Magic
 15640 | D:10     | Noticed Erica
 15671 | D:10     | Killed Erica
 15671 | D:10     | Reached skill level 1 in Translocations
 15705 | D:10     | Noticed a deep elf knight
 15707 | D:10     | Noticed a wizard
 15999 | D:11     | Found a staircase to the Lair.
 16301 | D:11     | Noticed jazmu's ghost (powerful DsGl)
 16303 | D:11     | Noticed trelanon's ghost (powerful VSTm)
 16343 | D:11     | HP: 1/86 [jazmu's ghost (5)]
 16729 | D:10     | Killed a wizard
 16739 | D:10     | HP: 3/86 [Urug/long sword of slicing (4)]
 16747 | D:10     | HP: 4/86 [Urug/long sword of slicing (9)]
 17078 | D:10     | Identified a scroll of acquirement
 17081 | D:10     | Got a distressingly furry leather armour
 17092 | D:10     | Identified the +0 leather armour "Heyfeel" {Str+8 Int-2 Stlth+} (You acquired it on level 10 of the Dungeon)
 17127 | D:10     | Slain by a deep elf knight

Action                   |  1- 3 |  4- 6 |  7- 9 | 10-12 || total
-------------------------+-------+-------+-------+-------++-------
Melee: Club              |    23 |       |       |       ||    23
       Unarmed           |     4 |       |       |       ||     4
       Mace              |    81 |   150 |    79 |       ||   310
       Short sword       |       |       |   227 |       ||   227
       Whip              |       |       |   297 |   398 ||   695
Throw: Stone             |       |     8 |    18 |     4 ||    30
 Cast: Freeze            |    16 |    51 |    73 |     4 ||   144
       Throw Frost       |    10 |    28 |    58 |    19 ||   115
       Ozocubu's Armour  |       |     1 |    13 |    19 ||    33
       Summon Ice Beast  |       |       |     9 |    22 ||    31
       Throw Icicle      |       |       |       |    44 ||    44
       Mephitic Cloud    |       |       |       |    10 ||    10
       Blink             |       |       |       |     5 ||     5
       Repel Missiles    |       |       |       |     4 ||     4
Invok: Slouch            |       |       |       |     1 ||     1
       Temporal Distorti |       |       |       |     1 ||     1
  Use: Potion            |       |     1 |       |     7 ||     8
       Scroll            |       |       |     1 |    24 ||    25
 Stab: Sleeping          |     2 |     4 |    12 |     6 ||    24
       Distracted        |       |       |     2 |     2 ||     4
       Confused          |       |       |       |     1 ||     1
  Eat: Chunk             |     2 |    10 |    26 |    14 ||    52
       Fruit             |     2 |       |       |     1 ||     3
       Royal jelly       |       |     1 |       |     1 ||     2
       Beef jerky        |       |       |       |     2 ||     2
